[Event "Titled Tuesday Blitz December 27 Early 2022"]
[White "Andreev, Eduard"]
[Black "Weetik, Vjacheslav"]
[WhiteFideId "14103400"]
[BlackFideId "4153472"]
[WhiteElo "2413"]
[BlackElo "2423"]
[Result "0-1"]
[Round "05"]
[TimeControl "180+2"]
[Date "2022.12.27"]
[WhiteClock "0:00:21"]
[BlackClock "0:00:10"]

1. e4 c6 2. d4 d5 3. Nd2 dxe4 4. Nxe4 Bf5 5. Ng3 Bg6 6. Nf3 e6 7. Ne5 Nd7 8. Bf4 Nxe5 9. Bxe5 Nf6 10. Bd3 Be7 11. O-O O-O 12. Re1 Qb6 13. Rb1 c5 14. Bxg6 hxg6 15. c3 Rfd8 16. Qf3 Rac8 17. h3 Qc6 18. Ne4 Nd7 19. Nxc5 Qxf3 20. gxf3 Bxc5 21. dxc5 Nxc5 22. Bd4 Rd5 23. Re5 Rxe5 24. Bxe5 Rd8 25. Bd4 b6 26. Kf1 f6 27. Ke2 Na4 28. b3 Rxd4 29. bxa4 Rxa4 30. Rb2 g5 31. Rd2 Kf7 32. Kf1 Kg6 33. Kg2 e5 34. Kg3 Kf5 35. Rb2 Ra3 36. Rc2 b5 37. Kg2 a6 38. Kh2 Kf4 39. Kg2 f5 40. c4 b4 41. c5 Rc3 42. Rxc3 bxc3 43. c6 c2 44. c7 c1=Q 45. c8=Q Qxc8 0-1


[Site "https://www.chess.com"]

[Event "Titled Tuesday Blitz December 27 Early 2022"]
[White "Andreev, Konstantin"]
[Black "Koridze, Lile"]
[WhiteFideId "24239305"]
[BlackFideId "13612514"]
[WhiteElo "2195"]
[BlackElo "2191"]
[Result "1-0"]
[Round "05"]
[TimeControl "180+2"]
[Date "2022.12.27"]
[WhiteClock "0:01:02"]
[BlackClock "0:01:16"]

1. e4 c5 2. Nf3 d6 3. d4 cxd4 4. Nxd4 Nf6 5. Nc3 a6 6. h4 e5 7. Nb3 Nc6 8. f3 Nh5 9. Kf2 Be7 10. g3 O-O 11. f4 g6 12. f5 Ng7 13. g4 h5 14. gxh5 Bxh4+ 15. Kg2 Nxh5 16. Qg4 Bf6 17. Rxh5 Re8 18. Rh2 Bg7 19. Nd5 Ne7 20. Bc4 gxf5 21. Nf6+ Kf8 22. Qh5 Bxf6 23. Qxf7# 1-0


[Site "https://www.chess.com"]

[Event "Titled Tuesday Blitz December 27 Early 2022"]
[White "Ankerst, Mihael"]
[Black "Iljin, Timofey"]
[WhiteFideId "14602369"]
[BlackFideId "14110180"]
[WhiteElo "2370"]
[BlackElo "2329"]
[Result "1-0"]
[Round "05"]
[TimeControl "180+2"]
[Date "2022.12.27"]
[WhiteClock "0:01:13"]
[BlackClock "0:00:01"]

1. e4 e5 2. Nf3 Nc6 3. Nc3 Nf6 4. d4 exd4 5. Nxd4 Bc5 6. Nxc6 bxc6 7. Bd3 d5 8. Bg5 O-O 9. O-O Be7 10. Qf3 h6 11. Bh4 Be6 12. e5 Nd7 13. Bxe7 Qxe7 14. Qg3 Qg5 15. f4 Qxg3 16. hxg3 f5 17. Na4 Rab8 18. b3 c5 19. Rac1 c4 20. bxc4 dxc4 21. Be2 Rb4 22. Nc3 Nc5 23. Rfd1 Rfb8 24. Rd4 Na4 25. Nxa4 Rxa4 26. Kf2 c5 27. Rd6 Kf7 28. Rc6 Rxa2 29. Rxc5 Rbb2 30. Bxc4 Rxc2+ 31. Ke3 Ra3+ 32. Bd3 Rxc1 33. Rxc1 a5 34. Rc7+ Kf8 35. Kd4 a4 36. Rc6 Ke7 37. Rc7+ Kf8 38. Ra7 Ra2 39. Ra6 Bd7 40. e6 Be8 41. Ra8 a3 42. Bb5 Rd2+ 43. Ke5 g5 44. Kf6 1-0


[Site "https://www.chess.com"]

[Event "Titled Tuesday Blitz December 27 Early 2022"]
[White "Antonio, Jorge Carlos"]
[Black "Shubenkova, Veronika"]
[WhiteFideId "113190"]
[BlackFideId "44124040"]
[WhiteElo "2277"]
[BlackElo "1960"]
[Result "0-1"]
[Round "05"]
[TimeControl "180+2"]
[Date "2022.12.27"]
[WhiteClock "0:01:11"]
[BlackClock "0:02:18"]

1. d4 d5 2. Nf3 e6 3. Bf4 Bd6 4. e3 Nf6 5. Ne5 O-O 6. Bd3 Nbd7 7. c3 Qe7 8. Nd2 c5 9. h4 Ne8 10. Qf3 f5 11. O-O-O Nef6 12. Qe2 a5 13. f3 a4 14. Rdg1 a3 15. b3 Nh5 16. g4 Nxf4 17. exf4 cxd4 18. cxd4 Qd8 19. Qe3 Qc7+ 20. Kb1 Qc3 21. Ndc4 dxc4 22. Rf1 Qb2# 0-1


[Site "https://www.chess.com"]

[Event "Titled Tuesday Blitz December 27 Early 2022"]
[White "Ardila, Oscar Humberto"]
[Black "Vovk, Orest"]
[WhiteFideId "4404742"]
[BlackFideId "14113490"]
[WhiteElo "1982"]
[BlackElo "2315"]
[Result "0-1"]
[Round "05"]
[TimeControl "180+2"]
[Date "2022.12.27"]
[WhiteClock "0:00:36"]
[BlackClock "0:02:21"]

1. d4 h6 2. c4 g5 3. Nc3 Bg7 4. h4 c5 5. e3 Nc6 6. d5 Ne5 7. hxg5 d6 8. Nf3 hxg5 9. Rxh8 Bxh8 10. Nxe5 Bxe5 11. Bd2 g4 12. Qa4+ Bd7 13. Qb3 Qb6 14. Qxb6 axb6 15. Be2 Nf6 16. a3 O-O-O 17. O-O-O Rh8 18. Kc2 Rh2 19. Rg1 Bf5+ 20. Bd3 Bxd3+ 0-1


[Site "https://www.chess.com"]

[Event "Titled Tuesday Blitz December 27 Early 2022"]
[White "Atakishiyev, Elmar"]
[Black "Xu, Yi"]
[WhiteFideId "13410547"]
[BlackFideId "8605564"]
[WhiteElo "2363"]
[BlackElo "2527"]
[Result "1-0"]
[Round "05"]
[TimeControl "180+2"]
[Date "2022.12.27"]
[WhiteClock "0:00:05"]
[BlackClock "0:00:03"]

1. Nf3 d5 2. g3 Nf6 3. Bg2 e6 4. O-O Be7 5. d3 O-O 6. Nbd2 c5 7. e4 Nc6 8. Qe2 b5 9. e5 Nd7 10. Re1 a5 11. Nf1 Ba6 12. h4 a4 13. N1h2 Qb6 14. h5 h6 15. Ng4 Rfc8 16. Bxh6 gxh6 17. Nxh6+ Kg7 18. Ng4 Rh8 19. h6+ Kh7 20. Nf6+ Bxf6 21. exf6 Rag8 22. Qe3 Qd8 23. Ng5+ Rxg5 24. Qxg5 Qxf6 25. Qh5 Nd4 26. Re3 Qg6 27. Qd1 Nf5 28. Rf3 Ne5 29. Rf4 Bb7 30. Qe2 f6 31. Re1 b4 32. c3 a3 33. d4 bxc3 34. dxe5 axb2 35. exf6 Nd4 36. Qe5 b1=Q 37. Qc7+ Kg8 38. f7+ Kf8 39. Qd6# 1-0


[Site "https://www.chess.com"]

[Event "Titled Tuesday Blitz December 27 Early 2022"]
[White "Babazada, Khazar"]
[Black "Ovchinnikov, Vsevolod"]
[WhiteFideId "13413554"]
[BlackFideId "24176842"]
[WhiteElo "2474"]
[BlackElo "2426"]
[Result "1-0"]
[Round "05"]
[TimeControl "180+2"]
[Date "2022.12.27"]
[WhiteClock "0:01:09"]
[BlackClock "0:00:02"]

1. e4 g6 2. d4 Bg7 3. Nc3 a6 4. Be3 b5 5. Qd2 d6 6. O-O-O Nd7 7. h4 h5 8. Nh3 Bb7 9. f3 Rc8 10. Kb1 c5 11. dxc5 Nxc5 12. Ng5 Nd7 13. Nd5 Ngf6 14. Nf4 Ne5 15. Be2 Qc7 16. c3 Nfd7 17. g4 hxg4 18. fxg4 Nc4 19. Bxc4 Qxc4 20. Nd5 Bxd5 21. exd5 Qxg4 22. Rdf1 Bf6 23. Rf4 Qh5 24. Rhf1 Rc4 25. Bd4 O-O 26. Qe3 Rc7 27. Ne4 Bxd4 28. Qxd4 Qe5 29. Qe3 Qxd5 30. h5 Qxh5 31. Qe1 Rc4 32. Rh1 Qe5 33. Qh4 Nc5 34. Qh7# 1-0


[Site "https://www.chess.com"]

[Event "Titled Tuesday Blitz December 27 Early 2022"]
[White "Baches Garcia, Guillermo"]
[Black "Kovacevic, Radmila"]
[WhiteFideId "2209764"]
[BlackFideId "933171"]
[WhiteElo "2327"]
[BlackElo "2106"]
[Result "1-0"]
[Round "05"]
[TimeControl "180+2"]
[Date "2022.12.27"]
[WhiteClock "0:00:18"]
[BlackClock "0:00:07"]

1. e4 e5 2. Nf3 f5 3. d3 Nc6 4. Be2 Nf6 5. Nbd2 d5 6. O-O Bc5 7. exd5 Qxd5 8. Re1 Be6 9. Nb3 Bb6 10. c4 Qd7 11. c5 Bxb3 12. Qxb3 Bxc5 13. Qxb7 Rb8 14. Qa6 Bxf2+ 15. Kxf2 Ng4+ 16. Kg1 O-O 17. h3 Nf6 18. Bg5 Rxb2 19. Bxf6 Rxf6 20. Rac1 h6 21. Bf1 Kh7 22. Qc4 Rg6 23. Kh1 e4 24. dxe4 f4 25. e5 Ne7 26. Bd3 Rxg2 27. Bxg6+ Rxg6 28. e6 Qc8 29. Qe4 Qf8 30. Rg1 Nf5 31. Rxg6 Kxg6 32. Nh4+ Kg5 33. Qxf5+ Qxf5 34. Nxf5 Kf6 35. e7 Kxf5 36. e8=Q 1-0


[Site "https://www.chess.com"]

[Event "Titled Tuesday Blitz December 27 Early 2022"]
[White "Barbashin, Igor"]
[Black "Sreyas Payyappat"]
[WhiteFideId "4155718"]
[BlackFideId "46674969"]
[WhiteElo "2169"]
[BlackElo "2076"]
[Result "0-1"]
[Round "05"]
[TimeControl "180+2"]
[Date "2022.12.27"]
[WhiteClock "0:01:24"]
[BlackClock "0:02:03"]

1. d4 Nf6 2. c4 c5 3. e3 e6 4. Nf3 cxd4 5. Nxd4 d5 6. cxd5 exd5 7. Nc3 Nc6 8. Be2 Bc5 9. Nb3 Bb6 10. O-O O-O 11. Bf3 Be6 12. Nb5 Ne5 13. N5d4 Nxf3+ 14. Qxf3 Bg4 15. Qg3 h5 16. h3 Ne4 17. Qe5 Bc7 18. Qxc7 Qxc7 19. hxg4 hxg4 20. f4 gxf3 21. Rxf3 Rae8 22. Nd2 Ng5 23. Rf5 Qg3 24. Nf1 Qg4 25. Nh2 Nh3+ 26. Kf1 Qd1# 0-1


[Site "https://www.chess.com"]

[Event "Titled Tuesday Blitz December 27 Early 2022"]
[White "Barp, Alberto"]
[Black "Samunenkov, Ihor"]
[WhiteFideId "872555"]
[BlackFideId "14187086"]
[WhiteElo "2432"]
[BlackElo "2501"]
[Result "1/2-1/2"]
[Round "05"]
[TimeControl "180+2"]
[Date "2022.12.27"]
[WhiteClock "0:00:10"]
[BlackClock "0:00:03"]

1. d4 d5 2. Nf3 Nf6 3. c4 e6 4. Nc3 a6 5. cxd5 exd5 6. Bg5 Be6 7. Bxf6 Qxf6 8. Qb3 Ra7 9. a3 Qd8 10. Qc2 Nd7 11. e4 dxe4 12. Nxe4 Be7 13. Bc4 Bxc4 14. Qxc4 O-O 15. Rc1 c6 16. O-O Nf6 17. Nxf6+ Bxf6 18. Rfd1 Ra8 19. Qb3 Qe7 20. Re1 Qd7 21. Ne5 Qc7 22. Re4 Rad8 23. Qe3 Qb6 24. Rc2 Bxe5 25. Rxe5 Rxd4 26. g3 Rd1+ 27. Kg2 Qxe3 28. Rxe3 Rfd8 29. Rb3 R8d7 30. Re2 Kf8 31. Rbe3 Rd8 32. Rb3 R1d7 33. h4 h5 34. Re5 g6 35. Re4 Re8 36. Reb4 Ree7 37. a4 a5 38. Rf4 Rd2 39. Rb6 Kg7 40. b4 axb4 41. Rfxb4 Ree2 42. Rf4 Rb2 43. Rxb2 Rxb2 44. Kf1 f6 45. Rd4 g5 46. hxg5 fxg5 47. Kg2 Kf6 48. Rd7 Rb4 49. Rh7 Kg6 50. Rc7 h4 51. gxh4 gxh4 52. a5 Rb5 53. a6 bxa6 54. Rxc6+ Kg5 55. Rxa6 Rb4 56. Ra5+ Kg4 57. Ra3 Rb5 58. Re3 Kg5 59. Re4 Rc5 60. f3 Rc2+ 61. Kh3 Rc3 62. Rg4+ Kf5 63. Kxh4 Rxf3 64. Rg3 Rxg3 65. Kxg3 1/2-1/2


[Site "https://www.chess.com"]

[Event "Titled Tuesday Blitz December 27 Early 2022"]
[White "Baskakov, Egor"]
[Black "Deac, Bogdan-Daniel"]
[WhiteFideId "24197866"]
[BlackFideId "1226380"]
[WhiteElo "2215"]
[BlackElo "2700"]
[Result "0-1"]
[Round "05"]
[TimeControl "180+2"]
[Date "2022.12.27"]
[WhiteClock "0:00:14"]
[BlackClock "0:00:08"]

1. e4 c6 2. d4 d5 3. e5 Bf5 4. Ne2 e6 5. Ng3 Bg6 6. h4 h6 7. h5 Bh7 8. Bd3 Bxd3 9. cxd3 Qb6 10. Be3 c5 11. dxc5 Bxc5 12. d4 Bb4+ 13. Nc3 Ne7 14. Qg4 Rg8 15. O-O Bxc3 16. bxc3 Nd7 17. Qf4 Qc6 18. a4 Nb6 19. a5 Nc4 20. Bc1 Qd7 21. Ba3 Nc6 22. Bb4 O-O-O 23. Rfb1 Qc7 24. a6 b6 25. Nf1 f6 26. Qg4 fxe5 27. Qxe6+ Qd7 28. Qg6 Rge8 29. dxe5 Rxe5 30. Ng3 Rde8 31. Rd1 R8e6 32. Qh7 Qf7 33. Rd3 Rf6 34. Rf1 g5 35. hxg6 Qxg6 36. Qxg6 Rxg6 37. Rf3 d4 38. Rf8+ Kd7 39. Rf7+ Ke8 40. Rc7 d3 41. f4 Re3 42. Nf5 Re2 43. Nh4 Rg4 44. Rxc6 Ne3 45. Rf2 Re1+ 46. Kh2 Rxh4+ 47. Kg3 Nf5+ 48. Kf3 Re3# 0-1


[Site "https://www.chess.com"]

[Event "Titled Tuesday Blitz December 27 Early 2022"]
[White "Belozerov, Andrei"]
[Black "Kvaloy, Aksel Bu"]
[WhiteFideId "4120213"]
[BlackFideId "1528815"]
[WhiteElo "2461"]
[BlackElo "2321"]
[Result "1-0"]
[Round "05"]
[TimeControl "180+2"]
[Date "2022.12.27"]
[WhiteClock "0:00:13"]
[BlackClock "0:00:01"]

1. d4 Nf6 2. c4 e6 3. g3 d5 4. Nf3 dxc4 5. Bg2 c6 6. O-O b5 7. b3 cxb3 8. Qxb3 Bb7 9. Rd1 Nbd7 10. Ne5 Nxe5 11. dxe5 Nd7 12. Nc3 Qb6 13. Ne4 Nc5 14. Qf3 Nxe4 15. Qxe4 Bc5 16. Qg4 Bxf2+ 17. Kf1 g6 18. Bg5 Be3 19. Bf6 O-O 20. Rd7 Bc8 21. Rd6 h5 22. Qe4 Bg1 23. Qf3 Bb7 24. Rad1 Rac8 25. R1d3 Bc5 26. Qf4 Kh7 27. Be4 Bxd6 28. Rxd6 c5 29. Rxb6 Bxe4 30. Rxb5 Bd5 31. Rb2 c4 32. Qd4 Rc7 33. Rc2 Rfc8 34. Rc3 Rb7 35. e4 Bc6 36. Kf2 Rbc7 37. Rxc4 Bb7 38. Rxc7 Rxc7 39. Qd8 Rc8 40. Qe7 Kg8 41. Qxb7 Rc2+ 42. Ke3 Rc3+ 43. Kf4 g5+ 44. Kxg5 1-0


[Site "https://www.chess.com"]

[Event "Titled Tuesday Blitz December 27 Early 2022"]
[White "Bettalli, Francesco"]
[Black "Itgelt, Khuyagtsogt"]
[WhiteFideId "2816453"]
[BlackFideId "4902912"]
[WhiteElo "2252"]
[BlackElo "2261"]
[Result "1-0"]
[Round "05"]
[TimeControl "180+2"]
[Date "2022.12.27"]
[WhiteClock "0:00:15"]
[BlackClock "0:00:01"]

1. d4 Nf6 2. Nc3 e6 3. Bg5 d6 4. e4 Nbd7 5. Nf3 Be7 6. e5 Nd5 7. Bxe7 Qxe7 8. Qd2 Nxc3 9. Qxc3 c6 10. exd6 Qxd6 11. Bd3 a5 12. O-O Qb4 13. Qxb4 axb4 14. Nd2 Ke7 15. Nc4 b5 16. Ne5 Nxe5 17. dxe5 Rd8 18. Rfd1 Bb7 19. h4 h5 20. f3 Rd5 21. f4 Rd4 22. g3 Rad8 23. Kf2 c5 24. Be2 Rd2 25. Rac1 c4 26. Rxd2 Rxd2 27. Ke3 Rd8 28. Bxh5 Ra8 29. Ra1 c3 30. bxc3 Ra3 31. Kd2 bxc3+ 32. Kd3 Bd5 33. Be2 Bxa2 34. Kd4 b4 35. Kc5 b3 36. cxb3 c2 37. Rc1 Rxb3 38. Rxc2 Bb1 39. Rc1 Be4 40. Kd4 Bd5 41. Rc7+ Kf8 42. Bd3 g6 43. g4 Rb2 44. f5 gxf5 45. gxf5 Rb4+ 46. Kc5 Rb3 47. fxe6 Rc3+ 48. Kd6 Rxc7 49. Kxc7 Bxe6 50. Kd6 Kg7 51. Ke7 Ba2 52. Bf5 Bb3 53. Bd7 Ba2 54. Be8 Be6 55. h5 Ba2 56. h6+ Kxh6 57. Bxf7 Bb1 58. Kf6 Be4 59. e6 Bc6 60. e7 Kh7 61. Be6 Kh8 62. Kf7 Bb5 63. Bc8 Kh7 64. Ke6 Kg7 65. Bd7 Bc4+ 66. Kd6 Bf7 67. Kc7 Kf6 68. Kd8 Bg6 69. Be8 Be4 70. Bf7 Bc6 71. Bd5 Ba4 72. Bb7 Kf7 73. Bc8 Kf6 74. Bd7 1-0


[Site "https://www.chess.com"]

[Event "Titled Tuesday Blitz December 27 Early 2022"]
[White "Bluebaum, Matthias"]
[Black "Bok, Benjamin"]
[WhiteFideId "24651516"]
[BlackFideId "1017063"]
[WhiteElo "2669"]
[BlackElo "2607"]
[Result "1-0"]
[Round "05"]
[TimeControl "180+2"]
[Date "2022.12.27"]
[WhiteClock "0:00:56"]
[BlackClock "0:00:02"]

1. d4 Nf6 2. c4 e6 3. Nc3 Bb4 4. e3 O-O 5. Bd2 c5 6. a3 Bxc3 7. Bxc3 Ne4 8. Ne2 b6 9. d5 Ba6 10. Qd3 Nxc3 11. Nxc3 e5 12. d6 Nc6 13. Qf5 Na5 14. b4 cxb4 15. axb4 Nxc4 16. Rxa6 Qc8 17. Ra1 Nxe3 18. Qd3 Nxf1 19. Rxf1 Qc6 20. b5 Qxg2 21. Qg3 Qb7 22. Rg1 g6 23. Qg2 e4 24. Qg5 f5 25. Qd2 Rf7 26. Qd4 Re8 27. Nd5 Rff8 28. Ne7+ Kf7 29. Rc1 Qb8 30. Rc7 1-0


[Site "https://www.chess.com"]

[Event "Titled Tuesday Blitz December 27 Early 2022"]
[White "Borrmann, Laurenz"]
[Black "Domingo Nunez, Ruben"]
[WhiteFideId "312187930"]
[BlackFideId "22245570"]
[WhiteElo "2304"]
[BlackElo "2416"]
[Result "1-0"]
[Round "05"]
[TimeControl "180+2"]
[Date "2022.12.27"]
[WhiteClock "0:00:05"]
[BlackClock "0:00:21"]

1. d4 Nf6 2. c4 g6 3. Nc3 Bg7 4. e4 d6 5. h3 Nbd7 6. Be3 e5 7. d5 a5 8. Nf3 O-O 9. Qd2 Nc5 10. Qc2 Nh5 11. Nd2 f5 12. Bxc5 dxc5 13. exf5 gxf5 14. g3 e4 15. Be2 Qg5 16. Nf1 Bd7 17. Ne3 Bd4 18. Bxh5 Qxh5 19. Qe2 Qg6 20. O-O-O a4 21. a3 Ra6 22. Ng2 Rb6 23. Nf4 Qg7 24. Nb5 c6 25. Nxd4 cxd4 26. dxc6 bxc6 27. Qd2 d3 28. Qc3 Qxc3+ 29. bxc3 Rb3 30. Kd2 Rxa3 31. Rb1 Rb3 32. Rxb3 axb3 33. Rb1 Rb8 34. Rb2 Kf7 35. Ke3 c5 36. f3 Bc6 37. fxe4 fxe4 38. g4 Kf6 39. Nh5+ Kg5 40. Ng3 Kh4 41. Kf4 Rf8+ 42. Nf5+ Kxh3 43. Rxb3 d2 44. Rb1 Bb5 45. cxb5 h5 46. gxh5 e3 47. Kxe3 Rxf5 48. Kxd2 Rxh5 49. b6 Rh8 50. b7 Rb8 51. Kd3 Kg4 52. Kc4 Kf5 53. Kxc5 Rxb7 54. Rxb7 1-0


[Site "https://www.chess.com"]

[Event "Titled Tuesday Blitz December 27 Early 2022"]
[White "Bryakin, Mikhail"]
[Black "Tomb, Maroun"]
[WhiteFideId "4165314"]
[BlackFideId "5300398"]
[WhiteElo "2455"]
[BlackElo "2090"]
[Result "1-0"]
[Round "05"]
[TimeControl "180+2"]
[Date "2022.12.27"]
[WhiteClock "0:01:47"]
[BlackClock "0:01:07"]

1. Nf3 d6 2. g3 Nf6 3. Bg2 e5 4. O-O Be7 5. d3 O-O 6. Nbd2 c6 7. e4 b5 8. Qe2 Nbd7 9. h3 Re8 10. Nh4 Bf8 11. a4 Bb7 12. b3 d5 13. Nf5 g6 14. Ne3 a6 15. Bb2 Qb6 16. Kh2 Rad8 17. Ng4 Bg7 18. Nf3 dxe4 19. dxe4 Nxe4 20. Qxe4 f5 21. Qe2 e4 22. Bxg7 exf3 23. Qxf3 fxg4 24. Qc3 b4 25. Qb2 gxh3 26. Bxh3 c5 27. Rae1 Rxe1 28. Rxe1 c4 29. Be6+ 1-0


[Site "https://www.chess.com"]

[Event "Titled Tuesday Blitz December 27 Early 2022"]
[White "Cardona, Liulia"]
[Black "Postnikov, Artem"]
[WhiteFideId "3505189"]
[BlackFideId "34153575"]
[WhiteElo "2115"]
[BlackElo "2197"]
[Result "0-1"]
[Round "05"]
[TimeControl "180+2"]
[Date "2022.12.27"]
[WhiteClock "0:00:19"]
[BlackClock "0:00:20"]

1. e4 c6 2. Nc3 d5 3. Qf3 dxe4 4. Nxe4 Nf6 5. Nxf6+ exf6 6. c3 Bd6 7. d4 O-O 8. Bd3 Nd7 9. Ne2 Re8 10. O-O Nf8 11. Be3 Ng6 12. Nf4 Qc7 13. Bxg6 hxg6 14. h3 Bf5 15. Rfe1 Be4 16. Qg4 g5 17. Nh5 Bg6 18. Bd2 Rxe1+ 19. Rxe1 Qc8 20. Qf3 Qd7 21. Ng3 Re8 22. Rxe8+ Qxe8 23. Qe2 Qe6 24. Qxe6 fxe6 25. Nf1 e5 26. dxe5 Bxe5 27. Be3 a5 28. Nd2 Bf7 29. a3 a4 30. Kf1 Kf8 31. Ke2 Ke7 32. Kd3 b5 33. f3 Kd6 34. Ne4+ Kd5 35. Nc5 Bd6 36. Na6 Bg6+ 37. Kd2 Kc4 38. Nb4 c5 39. Nc6 Kb3 40. Kc1 Bd3 41. Nd8 Bf1 42. Nb7 Bf4 43. Na5+ Ka2 44. Bxf4 gxf4 45. Nb7 Bxg2 46. Nxc5 Bxf3 47. Ne6 g5 48. Nd4 Bg2 49. Nxb5 Bxh3 50. c4 g4 51. c5 g3 52. Nc3+ Kb3 53. Ne4 g2 54. Nd2+ Ka2 55. Nf3 Bg4 56. Ng1 f3 0-1


[Site "https://www.chess.com"]

[Event "Titled Tuesday Blitz December 27 Early 2022"]
[White "Christiansen, Johan-Sebastian"]
[Black "Guliev, Logman"]
[WhiteFideId "1512668"]
[BlackFideId "13400061"]
[WhiteElo "2579"]
[BlackElo "2250"]
[Result "1-0"]
[Round "05"]
[TimeControl "180+2"]
[Date "2022.12.27"]
[WhiteClock "0:01:07"]
[BlackClock "0:00:33"]

1. e4 c5 2. Nf3 d6 3. Nc3 a6 4. g3 e6 5. Bg2 Nf6 6. e5 dxe5 7. Nxe5 Be7 8. a4 O-O 9. O-O Nbd7 10. Nc4 Nb6 11. Nxb6 Qxb6 12. a5 Qc7 13. d3 Bd7 14. Bf4 e5 15. Bg5 Bc6 16. Bxc6 Qxc6 17. Qe2 Qe6 18. Rfe1 Qh3 19. Bxf6 Bxf6 20. Qf3 Qd7 21. Nd5 Qc6 22. Rxe5 Bd8 23. Ne7+ Bxe7 24. Qxc6 bxc6 25. Rxe7 c4 26. dxc4 Rfd8 27. Rae1 Kf8 28. Rc7 Rd6 29. Ree7 Rf6 30. Kg2 g6 31. Re3 Rd8 32. Rf3 Rxf3 33. Kxf3 Rd2 34. Rxc6 Rxc2 35. b4 Rb2 36. Rb6 Ke7 37. b5 axb5 38. cxb5 Rb3+ 39. Ke4 Kd7 40. Rb7+ Ke6 41. a6 f5+ 42. Kd4 1-0


[Site "https://www.chess.com"]

[Event "Titled Tuesday Blitz December 27 Early 2022"]
[White "Clawitter, Craig"]
[Black "Sargsyan, Anna M."]
[WhiteFideId "2023105"]
[BlackFideId "13308130"]
[WhiteElo "2050"]
[BlackElo "2375"]
[Result "0-1"]
[Round "05"]
[TimeControl "180+2"]
[Date "2022.12.27"]
[WhiteClock "0:00:14"]
[BlackClock "0:01:30"]

1. e4 c6 2. d4 d5 3. e5 c5 4. Nf3 Nc6 5. dxc5 Bg4 6. a3 e6 7. b4 Bxf3 8. Qxf3 Nxe5 9. Bb5+ Nc6 10. c4 Nf6 11. Nc3 Be7 12. O-O O-O 13. cxd5 exd5 14. Rd1 Ne5 15. Qg3 Ng6 16. Ra2 a6 17. Ba4 a5 18. Rad2 axb4 19. axb4 Qc8 20. Bb3 Ne4 21. Nxe4 dxe4 22. Bd5 Qf5 23. Qe3 Bg5 24. Bxe4 Qf6 25. Qd3 Bxd2 26. Bxd2 Rad8 27. Qg3 Qb2 0-1


[Site "https://www.chess.com"]

[Event "Titled Tuesday Blitz December 27 Early 2022"]
[White "Cnejev, Vladimir-Alexandru"]
[Black "Mischuk, Dmitry"]
[WhiteFideId "1260898"]
[BlackFideId "14118734"]
[WhiteElo "2374"]
[BlackElo "2298"]
[Result "1-0"]
[Round "05"]
[TimeControl "180+2"]
[Date "2022.12.27"]
[WhiteClock "0:00:10"]
[BlackClock "0:01:09"]

1. e4 c5 2. Nf3 d6 3. Bb5+ Nd7 4. O-O a6 5. Bd3 e6 6. Re1 Ngf6 7. c3 Be7 8. Bc2 O-O 9. d4 e5 10. dxe5 dxe5 11. c4 b5 12. b3 b4 13. Nbd2 Bb7 14. Nf1 Qc7 15. Bg5 h6 16. Bh4 Rad8 17. Qe2 Rfe8 18. Rad1 Nb8 19. Bxf6 Bxf6 20. Ne3 Nc6 21. Nd5 Qd6 22. Nxb4 Nd4 23. Nxd4 exd4 24. Nd5 Be5 25. g3 g6 26. f4 Bg7 27. e5 Qd7 28. Be4 a5 29. Nb6 Qc7 30. Bxb7 Qxb6 31. Bd5 Re7 32. Qd3 Kh8 33. g4 g5 34. e6 fxe6 35. Qg6 Rf8 36. Be4 Rf6 37. Qh7# 1-0


[Site "https://www.chess.com"]

[Event "Titled Tuesday Blitz December 27 Early 2022"]
[White "Csonka, Balazs"]
[Black "Berezin, Viktor"]
[WhiteFideId "742910"]
[BlackFideId "14107872"]
[WhiteElo "2496"]
[BlackElo "2307"]
[Result "1-0"]
[Round "05"]
[TimeControl "180+2"]
[Date "2022.12.27"]
[WhiteClock "0:00:07"]
[BlackClock "0:00:05"]

1. c4 Nf6 2. Nc3 g6 3. Nf3 Bg7 4. e4 d6 5. d4 O-O 6. Be2 e5 7. O-O Na6 8. Re1 Re8 9. Bf1 exd4 10. Nxd4 Nc5 11. f3 a5 12. Be3 Nfd7 13. Qd2 Ne5 14. Rad1 a4 15. Nd5 c6 16. Nc3 Qa5 17. Nc2 Bf8 18. h3 f6 19. f4 Nf7 20. Bd4 Bg7 21. g4 Bd7 22. Bg2 Rad8 23. Qf2 Bc8 24. Rb1 Rd7 25. Red1 Rde7 26. b4 axb3 27. axb3 Qc7 28. b4 Nxe4 29. Nxe4 Rxe4 30. Bb6 Qd7 31. Bxe4 Rxe4 32. c5 d5 33. Re1 f5 34. g5 Qe7 35. Rxe4 fxe4 36. h4 Qe6 37. Re1 Qg4+ 38. Kf1 Qh3+ 39. Kg1 Bf5 40. Ne3 d4 41. Nxf5 Qxf5 42. Qg2 e3 43. Qf3 h6 44. Kg2 hxg5 45. hxg5 Nxg5 46. fxg5 Qxg5+ 47. Qg3 Qf5 48. Rf1 Qe4+ 49. Qf3 Qc2+ 50. Kg1 Kh7 51. Qh1+ Kg8 52. Qg2 Qd3 53. Qf3 Qc2 54. Qf7+ Kh7 55. Qf4 e2 56. Qh4+ Kg8 57. Qd8+ Kh7 58. Qh4+ Kg8 59. Qd8+ Kh7 60. Re1 Qd3 61. Qh4+ Kg8 62. Qg4 Qe3+ 63. Kg2 d3 64. Qc8+ Kh7 65. Rh1+ Bh6 66. Qd7+ Kg8 67. Qd8+ Kg7 68. Qd7+ Kg8 69. Qc8+ Kg7 70. Qxb7+ Kg8 71. Qc8+ Kg7 72. Qd7+ Kg8 73. Qd8+ Kg7 74. Qd7+ Kg8 75. Qxc6 Qg5+ 76. Kf2 Qf4+ 77. Qf3 Qxf3+ 78. Kxf3 Bd2 79. c6 e1=Q 80. Rxe1 Bxe1 81. c7 d2 82. c8=Q+ Kg7 83. Qd7+ Kh6 84. Ke2 Bg3 85. Qg4 g5 86. Qxg3 Kg6 87. Kxd2 Kf6 88. Be3 Kf5 89. Qxg5+ Ke4 90. b5 Kf3 91. Qf4+ Kg2 92. Qf2+ 1-0


[Site "https://www.chess.com"]

[Event "Titled Tuesday Blitz December 27 Early 2022"]
[White "Danielyan, Vahe"]
[Black "Narayanan.S.L"]
[WhiteFideId "13304828"]
[BlackFideId "5058422"]
[WhiteElo "2346"]
[BlackElo "2660"]
[Result "0-1"]
[Round "05"]
[TimeControl "180+2"]
[Date "2022.12.27"]
[WhiteClock "0:01:47"]
[BlackClock "0:01:29"]

1. e4 c6 2. d4 d5 3. exd5 Qxd5 4. Nc3 Qa5 5. Bc4 Bf5 6. Nf3 e6 7. O-O Nd7 8. Re1 Ngf6 9. a4 Bb4 10. Bd2 O-O 11. h3 Rfd8 12. Qe2 Bxc2 13. Ne5 Bg6 14. Nxg6 hxg6 15. Bb3 Re8 16. Qc4 Nb6 17. Qd3 Rad8 18. Rad1 Nbd5 19. Qc4 Nb6 20. Qd3 c5 21. d5 exd5 22. Rxe8+ Rxe8 23. Qg3 c4 24. Bc2 d4 25. Nb1 d3 0-1


[Site "https://www.chess.com"]